 Dungeon Crawl Stone Soup version 0.29.0-5-ge4962eb29e (webtiles) character file.

Game seed: 8032883215097754564

187 greasedhog the Caller (level 5, -4/33 HPs)
             Began as a Tengu Wanderer on Aug 28, 2022.
             Slain by an orc
             ... wielding a +0 whip
              (5 damage)
             ... on level 3 of the Dungeon.
             The game lasted 00:05:28 (4006 turns).

greasedhog the Caller (Tengu Wanderer)              Turns: 4006, Time: 00:05:28

Health: -4/33      AC:  3    Str:  8    XL:     5   Next: 66%
Magic:  6/7        EV: 14    Int: 26    God:
Gold:   127        SH:  5    Dex: 14    Spells: 5/6 levels left

rFire   . . .      SeeInvis +   b - +1 short sword (venom)
rCold   + . .      Faith    .   (no shield)
rNeg    . . .      Spirit   .   c - +0 robe
rPois   .          Reflect  +   (helmet restricted)
rElec   .          Harm     .   (no cloak)
rCorr   .          Rampage  .   j - +0 pair of gloves
Will    .....                   (boots unavailable)
Stlth   +.........              m - amulet "Dimitaul" {Reflect SH+5 SInv}
HPRegen 0.11/turn               o - +6 ring of intelligence
MPRegen 0.10/turn               (no ring)

@: flying quickly and evasively, quick
A: beak, talons 3, nimble flight, clever 1, cold resistance 1
a: no special abilities


You were on level 3 of the Dungeon.
You visited 1 branch of the dungeon, and saw 3 of its levels.

You collected 127 gold pieces.

Inventory:

Hand Weapons
 a - a +1 dagger of flaming
 b - a +1 short sword of venom (weapon)
Armour
 c - a +0 robe (worn)
 j - a +0 pair of gloves (worn)
Jewellery
 m - the amulet "Dimitaul" (around neck) {Reflect SH+5 SInv}
   (You acquired it on level 3 of the Dungeon)

   [amulet of reflection]

   It reflects blocked missile attacks.
   SInv:      It lets you see invisible.
   SH:        It affects your SH (+5).
 o - a +6 ring of intelligence (left hand)
Wands
 h - a wand of roots (6)
 i - a wand of flame (29)
Scrolls
 d - 4 scrolls of teleportation
 e - 2 scrolls of fear
Potions
 k - a potion of attraction {unknown}
 l - a potion of cancellation {unknown}
 n - a potion of brilliance {unknown}
 p - 2 potions of curing {unknown}


   Skills:
 * Level 4.2 Fighting
 - Level 1.1 Dodging
 - Level 1.0 Spellcasting
 * Level 7.6 Summonings
 - Level 1.0 Translocations


You had 5 spell levels left.
You knew the following spells:

 Your Spells              Type           Power      Damage    Failure   Level
a - Summon Small Mammal   Summ           100%       N/A       1%          1

Your spell library contained the following spells:

 Spells                   Type           Power      Damage    Failure   Level
 Apportation              Tloc           12%        N/A       8%          1
 Animate Armour           Summ/Erth      42%        N/A       24%         4
 Summon Lightning Spire   Summ/Air       21%        N/A       24%         4
 Portal Projectile        Hex/Tloc       6%         N/A       28%         3
 Tukima's Dance           Hex            1%         N/A       34%         3
 Blade Hands              Tmut           0%         N/A       97%         5


Dungeon Overview and Level Annotations

Branches:
Dungeon (3/15)

Altars:


Innate Abilities, Weirdness & Mutations

You have a beak for a mouth.
You have claws for feet.
Your magical nature lets you fly swiftly and evasively.
Your mind is acute. (Int +4, Str/Dex -1)
Your flesh is cold resistant. (rC+)


Message History

Your rat bites the orc wizard.
The orc wizard hits your rat with a +0 dagger of holy wrath.
Your rat dies!
Your rat's corpse disappears in a puff of smoke!
Your quokka misses the orc wizard. You closely miss the orc wizard.
Your kick misses the orc wizard.
The orc wizard is severely wounded.
The orc wizard points at you and mumbles some strange words.
The magic dart hits you!
* * * LOW HITPOINT WARNING * * *
Your quokka barely misses the orc wizard.
Unknown command.
You closely miss the orc wizard. You claw the orc wizard.
You peck the orc wizard, but do no damage.
The orc wizard is almost dead.
Your quokka closely misses the orc wizard.
The orc wizard gestures at you while chanting.
You are confused.
Unknown command.
You hit the orc wizard.
You kill the orc wizard!
Something barely misses your quokka.
The orc hits your quokka with a +0 flail.
Your quokka bites the orc.
Something barely misses your quokka. The orc barely misses your quokka.
Your quokka barely misses the orc.
Something hits your quokka.
Your quokka dies!
Your quokka's corpse disappears in a puff of smoke!
You're too confused to move!
You bump into the rock wall.
The orc hits you with a +0 flail.
* * * LOW HITPOINT WARNING * * *
It was a potion of mutation.
You feel extremely strange.
You feel clever.
You feel resistant to cold. The orc hits you with a +0 flail.
* * * LOW HITPOINT WARNING * * *
The orc barely misses you.
It was a potion of flight.
You feel more buoyant.
You feel less confused. You block the orc's attack.
The orc hits you with a +0 whip.
You die...

#############
#...).......#
#.#########.#
#.#.......#.# ####
#.#......<#.# #†..
#.######....##########...
#......#@o...........†...
######.##o#####.#...#####
#..........#...#
#.o####........##### #.o#
######.......# #..#
#...###.. #r.# #...# ###
#.o# #...##### #o.#
######...


You could see 2 orcs.

Vanquished Creatures
  An orc wizard (D:3)
  Natasha (thrice) (D:2)
  2 adders
  2 dart slugs
  2 orcs (D:3)
  2 giant cockroaches
  7 goblins
  9 hobgoblins
  10 jackals
  2 quokkas
  5 ball pythons
  4 bats
  4 kobolds (D:2)
  6 rats
59 creatures vanquished.

Vanquished Creatures (collateral kills)
  A ball python (D:1)
  A hobgoblin (D:1)
  A frilled lizard (D:1)
  A kobold (D:1)
  A rat (D:1)
  A toadstool (D:1)
6 creatures vanquished.

Vanquished Creatures (others)
  4 toadstools (D:1)
4 creatures vanquished.

Grand Total: 69 creatures vanquished

Notes
Turn   | Place    | Note
-------+----------+-------------------------------------------
     0 | D:1      | greasedhog the Tengu Wanderer began the quest for the Orb.
     0 | D:1      | greasedhog set off with the following items: a +0 dagger, a
                  | scroll of fear, a +0 robe, a scroll of teleportation; and
                  | the following spells available to memorise: Summon Small
                  | Mammal, Apportation, Portal Projectile, Animate Armour,
                  | Summon Lightning Spire.
     0 | D:1      | Reached XP level 1. HP: 12/12 MP: 3/3
     2 | D:1      | Learned a level 1 spell: Summon Small Mammal
   135 | D:1      | Reached XP level 2. HP: 17/18 MP: 4/4
   767 | D:1      | Reached XP level 3. HP: 16/22 MP: 5/5
  2487 | D:2      | Reached XP level 4. HP: 24/28 MP: 6/6
  2544 | D:2      | Noticed Natasha
  2551 | D:2      | Killed Natasha
  2552 | D:2      | Reached skill level 7 in Summonings
  2773 | D:2      | Noticed Natasha
  3133 | D:2      | Killed Natasha
  3303 | D:2      | Noticed Natasha
  3310 | D:2      | Killed Natasha
  3311 | D:2      | Gained mutation: Your magical nature lets you fly swiftly
                  | and evasively. [Tengu growth]
  3311 | D:2      | Reached XP level 5. HP: 8/33 MP: 7/7
  3850 | D:3      | Identified a scroll of acquirement
  3850 | D:3      | Acquired the amulet "Dimitaul" {Reflect SH+5 SInv}
  4005 | D:3      | Gained mutation: Your mind is acute. (Int +4, Str/Dex -1)
                  | [potion of mutation]
  4005 | D:3      | Gained mutation: Your flesh is cold resistant. (rC+)
                  | [potion of mutation]
  4005 | D:3      | HP: 1/33 [orc/+0 flail (4)]
  4006 | D:3      | Slain by an orc

Illustrated notes

Levels and vault maps discovered:
D:1:      ldierk_walled_garden, layout_basic, roderic_lattice_a
D:2:      layout_basic, minmay_crystal_water, uniq_natasha
D:3:      layout_basic

Skill      XL: |  1  2  3  4  5 |
---------------+----------------+-----
Fighting       | 3 4 |  4.2
Summonings     | 7 |  7.6
Dodging        | |  1.1
Spellcasting   | |  1.0
Translocations | |  1.0

Action                   |  1- 3 |  4- 6 || total
-------------------------+-------+-------++-------
Melee: Dagger            |    20 |       ||    20
       Peck              |    15 |     9 ||    24
       Kick              |    23 |    12 ||    35
       Short sword       |    73 |    45 ||   118
       Punch             |       |     1 ||     1
 Cast: Summon Small Mamm |     8 |     3 ||    11
  Use: Scroll            |     1 |     5 ||     6
       Potion            |       |     2 ||     2
 Stab: Sleeping          |     3 |     1 ||     4
Armor: Robe              |    12 |     8 ||    20
Dodge: Dodged            |    50 |    21 ||    71
Block: Other             |       |     1 ||     1
